Quebec Rempart vs Worcester Sharks

Created - 4 avril 2024 at 08:27

Goals
1 2 3 T
Quebec Rempart 2 2 3 7
Worcester Sharks 1 0 3 4
Shots
1 2 3 T
Quebec Rempart 11 19 12 42
Worcester Sharks 12 11 12 35

GoalsPenalties
1st period
1. Quebec Rempart , Justin Brazeau 30 (Mikhail Maltsev 104, Kyle Clifford 54) at 11:28
2. Quebec Rempart , Kyle Clifford 41 (Montana Onyebuchi 10, Justin Brazeau 40) at 19:00
3. Worcester Sharks , Garrett Pilon 57 (Carson Meyer 38) at 19:35
Jeremy Davies (SRK) for Tripping (Minor) at 2:10
2nd period
4. Quebec Rempart , Akil Thomas 38 (Jansen Harkins 67, Alexey Toropchenko 78) at 4:12
5. Quebec Rempart , Jansen Harkins 66 (Markus Nurmi 44, Akil Thomas 69) at 16:03
Noel Hoefenmayer (SRK) for Fighting (Major) at 16:23
Kyle Clifford (REM) for Fighting (Major) at 16:23
3rd period
6. Quebec Rempart , Brayden Pachal 6 (Peetro Seppala 31, Justin Brazeau 41) at 2:52
7. Quebec Rempart , Martin Pospisil 11 (Markus Nurmi 45) at 3:18
8. Quebec Rempart , Will Cuylle 48 (Dmitry Voronkov 48, Alexey Toropchenko 79) at 5:32
9. Worcester Sharks , Carson Meyer 37 (Garrett Pilon 60, Jasper Weatherby 46) at 12:02
10. Worcester Sharks , Matej Blumel 61 (Noel Hoefenmayer 1) at 15:22
11. Worcester Sharks , Carson Meyer 38 (Garrett Pilon 61, Christian Wolanin 59) at 15:53
Lukas Cormier (SRK) for Fighting (Major) at 3:23
Peetro Seppala (REM) for Fighting (Major) at 3:23
Jean-Luc Foudy (SRK) for Fighting (Major) at 5:16
Justin Brazeau (REM) for Fighting (Major) at 5:16
Brendan Gaunce (SRK) for Fighting (Major) at 5:33
Will Cuylle (REM) for Fighting (Major) at 5:33
Viktor Lodin (SRK) for Roughing (Minor) at 8:36
Ville Petman (SRK) for Fighting (Major) at 12:17
Will Cuylle (REM) for Fighting (Major) at 12:17
Lauri Pajuniemi (SRK) for Fighting (Major) at 12:43
Kyle Clifford (REM) for Fighting (Major) at 12:43
Brendan Gaunce (SRK) for Fighting (Major) at 12:48
Peetro Seppala (REM) for Fighting (Major) at 12:48
Brendan Gaunce (SRK) for instigated a fight (Minor) at 12:48
Brendan Gaunce (SRK) for instigated a fight (10 Minutes Misconduct) at 12:48
Brayden Pachal (REM) for Cross-checking (Minor) at 17:22
Goalie Stats
Arvid Soderblom (REM), 31 saves from 35 shots - (0,886), W, 32-10-2, 60:00 minutes
Eric Comrie (SRK), 15 saves from 19 shots - (0,789), 36:03 minutes
Dylan Wells (SRK), 20 saves from 23 shots - (0,870), L, 3-6-2, 23:57 minutes
3 StarsOfficial
1 - Carson Meyer (SRK)
2 - Akil Thomas (REM)
3 - Jansen Harkins (REM)
Referees : Shaun Davis and Michael Markovic
Linesman : Travis Toomey and Justin Cornell
Game Note
Dylan Wells enters game at 16:03 of 2nd period
Kyle Clifford beats up Noel Hoefenmayer at 16:23 of 2nd period
Peetro Seppala beats up Lukas Cormier at 3:23 of 3rd period
Jean-Luc Foudy beats up Justin Brazeau at 5:16 of 3rd period
Brendan Gaunce beats up Will Cuylle at 5:33 of 3rd period
Ville Petman and Will Cuylle fight to a draw at 12:17 of 3rd period
Lauri Pajuniemi and Kyle Clifford fight to a draw at 12:43 of 3rd period
Brendan Gaunce beats up Peetro Seppala at 12:48 of 3rd period
Finance
Level 1 -- Attendance: 1463 (73,15%) -- Ticket Income $51,205
Level 2 -- Attendance: 970 (97,00%) -- Ticket Income $14,550
Total Attendance: 2433 (81,10%)
Total Ticket Income: $65,755
Other Income: $32,220
Total Income: $97,975



Team Name Goals Shots Shots Attemp Shots Blocked PIM HIT PP PK FO%
Quebec Rempart 74293637240 / 3 (0%)040%
Worcester Sharks 435571351220 / 1 (0%)060%

Quebec Rempart
Player Name POS G A P +/- PIM HIT SHT SB MP PP MP PP SHT PK MP PK SHT FO% FOT GA TA
Akil ThomasC/RW112200409:230:0000:0000% 000
Alexey ToropchenkoRW022-2022022:183:0700:5900% 120
Andrew PerrottD0001010118:301:1200:1300% 000
Brad LambertC/RW000100009:170:0000:0000% 000
Brayden PachalD1011234126:133:3000:0000% 003
Dmitry VoronkovC/LW011-2004022:213:1000:59040% 3510
Helge GransD0000032019:562:2101:1100% 000
Jansen HarkinsC/LW1120022115:351:5500:3800% 300
Justin BrazeauRW1232506016:242:0000:0000% 200
Kyle CliffordLW11221022115:021:4100:060100% 120
Markus NurmiLW/RW0222011112:291:5300:0000% 000
Martin PospisilC1011022010:440:1000:4400% 310
Mikhail MaltsevC/LW0112024018:062:3700:19078% 921
Montana OnyebuchiD0112012015:000:2401:0400% 000
Peetro SeppalaD01121031021:322:2801:1700% 001
Simon JohanssonD0000021018:571:5900:1300% 011
Will CuylleLW10101003116:461:0910:19033% 300
Xavier ParentC/LW000100209:260:0900:0000% 000
Worcester Sharks
Player Name POS G A P +/- PIM HIT SHT SB MP PP MP PP SHT PK MP PK SHT FO% FOT GA TA
Andreas EnglundD000-1022121:240:5402:5500% 001
Brendan GaunceC/LW000-32204014:110:0001:12067% 1500
Carsen TwarynskiLW0001002011:441:0700:170100% 100
Carson MeyerRW2130036115:580:0000:5000% 010
Christian WolaninD0110021121:521:0503:0200% 002
Garrett PilonC1230005014:540:0000:14044% 1821
Jasper WeatherbyC/LW0111024020:130:5202:46067% 900
Jean-Luc FoudyC000-1522015:351:0711:09088% 810
Jeremy DaviesD000-2211218:310:5400:0000% 000
Lauri PajuniemiRW000-3511114:050:5200:00050% 201
Lukas CormierD000-1510320:421:0503:0200% 000
Matej BlumelLW/RW1010001118:130:5201:430100% 100
Noel HoefenmayerD0111503022:020:0002:5500% 021
Ridly GreigLW000-1011017:271:0703:0700% 102
Taylor WardC/LW/RW000003008:230:0000:0000% 000
Viktor LodinC/LW000021208:320:0000:0000% 100
Ville PetmanC/LW000-3520014:490:0000:4700% 100
Vincent SevignyD000-3010315:300:0000:0000% 001

Quebec Rempart

5 vs 5 Forward
Line #Left WingCenterRight WingPHYDFOFWanted %Time %Time Play
1Will CuylleDmitry VoronkovAlexey Toropchenko1224035%18:14
2Kyle CliffordMikhail MaltsevJustin Brazeau1223029%15:10
3Markus NurmiJansen HarkinsAkil Thomas1222018%9:23
4Xavier ParentMartin PospisilBrad Lambert1221018%9:17
5 vs 5 Defense
Line #DefenseDefensePHYDFOFWanted %Time %Time Play
1Brayden PachalPeetro Seppala1224038%19:59
2Helge GransSimon Johansson1223032%16:45
3Andrew PerrottMontana Onyebuchi1222024%12:23
4Brayden PachalPeetro Seppala122106%2:57
Power Play Forward
Line #Left WingCenterRight WingPHYDFOFWanted %Time %Time Play
1Will CuylleDmitry VoronkovAlexey Toropchenko1226056%3:20
2Kyle CliffordMikhail MaltsevJustin Brazeau1224044%2:37
Power Play Defense
Line #DefenseDefensePHYDFOFWanted %Time %Time Play
1Brayden PachalPeetro Seppala1226067%3:58
2Helge GransSimon Johansson1224033%1:59
Penalty Kill 4 Players Forward
Line #CenterWingPHYDFOFWanted %Time %Time Play
1Dmitry VoronkovAlexey Toropchenko1226084%1:40
2Will CuylleMikhail Maltsev1224016%0:19
Penalty Kill 4 Players Defense
Line #DefenseDefensePHYDFOFWanted %Time %Time Play
1Brayden PachalPeetro Seppala1226089%1:46
2Helge GransSimon Johansson1224011%0:13
Penalty Kill 3 Players
Line #WingPHYDFOFWanted %Time %Time PlayDefenseDefensePHYDFOFWanted %Time %Time Play
1Dmitry Voronkov122600%0:00 Brayden PachalPeetro Seppala122600%0:00
2Alexey Toropchenko122400%0:00 Helge GransSimon Johansson122400%0:00
4 vs 4 Forward
Line #CenterWingPHYDFOFWanted %Time %Time Play
1Dmitry VoronkovAlexey Toropchenko122600%0:00
2Will CuylleMikhail Maltsev122400%0:00
4 vs 4 Defense
Line #DefensePHYDFOFWanted %Time %Time Play
1Brayden PachalPeetro Seppala122600%0:00
2Helge GransSimon Johansson122400%0:00
Last Minutes Offensive
Left WingCenterRight WingDefenseDefense
Will CuylleDmitry VoronkovAlexey ToropchenkoBrayden PachalPeetro Seppala
Last Minutes Defensive
Left WingCenterRight WingDefenseDefense
Will CuylleDmitry VoronkovAlexey ToropchenkoBrayden PachalPeetro Seppala
Time
Total ForwardTotal DefenseLast Minutes OffensiveLast Minutes Defensive
60:00 60:00 0:000:00
Extra Forwards
Normal PowerPlayPenalty Kill
Jansen Harkins, Markus Nurmi, Martin PospisilJansen Harkins, Markus NurmiMartin Pospisil
Extra Defensemen
Normal PowerPlayPenalty Kill
Andrew Perrott, Montana Onyebuchi, Helge GransAndrew Perrott, Montana OnyebuchiHelge Grans
Penalty Shots
Dmitry Voronkov, Alexey Toropchenko, Will Cuylle, Mikhail Maltsev, Kyle Clifford
Goalie
Arvid Soderblom, Remi Poirier
Scratches
Matej Pekar (Healthy), Alexander Pashin (Healthy)

Worcester Sharks

5 vs 5 Forward
Line #Left WingCenterRight WingPHYDFOFWanted %Time %Time Play
1Matej BlumelJean-Luc FoudyRidly Greig0233227%14:17
2Ville PetmanBrendan GaunceLauri Pajuniemi0323230%15:24
3Jasper WeatherbyGarrett PilonCarson Meyer0143227%14:08
4Carsen TwarynskiViktor LodinTaylor Ward032416%8:15
5 vs 5 Defense
Line #DefenseDefensePHYDFOFWanted %Time %Time Play
1Andreas EnglundLukas Cormier0323734%17:35
2Christian WolaninNoel Hoefenmayer0323734%17:45
3Vincent SevignyJeremy Davies0142025%12:56
4Jeremy DaviesNoel Hoefenmayer00567%3:48
Power Play Forward
Line #Left WingCenterRight WingPHYDFOFWanted %Time %Time Play
1Ridly GreigJean-Luc FoudyCarsen Twarynski0145556%1:07
2Matej BlumelJasper WeatherbyLauri Pajuniemi0144544%0:52
Power Play Defense
Line #DefenseDefensePHYDFOFWanted %Time %Time Play
1Andreas EnglundJeremy Davies0235545%0:54
2Christian WolaninLukas Cormier0234555%1:05
Penalty Kill 4 Players Forward
Line #CenterWingPHYDFOFWanted %Time %Time Play
1Brendan GaunceRidly Greig0415586%5:07
2Jasper WeatherbyCarson Meyer0414514%0:50
Penalty Kill 4 Players Defense
Line #DefenseDefensePHYDFOFWanted %Time %Time Play
1Noel HoefenmayerAndreas Englund0415549%2:55
2Christian WolaninLukas Cormier0414551%3:02
Penalty Kill 3 Players
Line #WingPHYDFOFWanted %Time %Time PlayDefenseDefensePHYDFOFWanted %Time %Time Play
1Brendan Gaunce050550%0:00 Noel HoefenmayerAndreas Englund050550%0:00
2Ville Petman050450%0:00 Christian WolaninLukas Cormier050450%0:00
4 vs 4 Forward
Line #CenterWingPHYDFOFWanted %Time %Time Play
1Jean-Luc FoudyMatej Blumel032550%0:00
2Jasper WeatherbyJeremy Davies032450%0:00
4 vs 4 Defense
Line #DefensePHYDFOFWanted %Time %Time Play
1Noel HoefenmayerAndreas Englund032550%0:00
2Christian WolaninLukas Cormier032450%0:00
Last Minutes Offensive
Left WingCenterRight WingDefenseDefense
Ridly GreigJean-Luc FoudyLauri PajuniemiAndreas EnglundNoel Hoefenmayer
Last Minutes Defensive
Left WingCenterRight WingDefenseDefense
Ridly GreigJean-Luc FoudyLauri PajuniemiNoel HoefenmayerAndreas Englund
Time
Total ForwardTotal DefenseLast Minutes OffensiveLast Minutes Defensive
60:00 60:00 0:000:00
Extra Forwards
Normal PowerPlayPenalty Kill
Jasper Weatherby, Ville Petman, Carsen TwarynskiJasper Weatherby, Ville PetmanJasper Weatherby
Extra Defensemen
Normal PowerPlayPenalty Kill
Lukas Cormier, Noel Hoefenmayer, Jeremy DaviesLukas Cormier, Noel HoefenmayerVincent Sevigny
Penalty Shots
Matej Blumel, Jean-Luc Foudy, Lauri Pajuniemi, Carson Meyer, Jasper Weatherby
Goalie
Eric Comrie, Dylan Wells
Scratches
Mark Borowiecki (Healthy), Kale Howarth (Healthy), Kristians Rubins (Healthy), Cooper Zech (Healthy), Hudson Elynuik (Healthy) Riley Bezeau (Healthy), Corson Ceulemans (Healthy), Gage Alexander (Healthy)


Play-by-Play

1st period


0:01 of 1st period - Jean-Luc Foudy wins face-off versus Dmitry Voronkov in neutral zone.
0:10 of 1st period - Snap shot by Alexey Toropchenko.
0:10 of 1st period - Shot Misses the Net.
0:49 of 1st period - Carson Meyer is hit by Helge Grans and loses puck.
2:10 of 1st period - Minor Penalty to Jeremy Davies for Tripping.
2:11 of 1st period - Dmitry Voronkov wins face-off versus Brendan Gaunce in Worcester Sharks zone.
2:18 of 1st period - Wrist shot by Will Cuylle.
2:18 of 1st period - Stopped by Eric Comrie without a rebound.
2:19 of 1st period - Dmitry Voronkov wins face-off versus Brendan Gaunce in Worcester Sharks zone.
2:30 of 1st period - Snap shot by Dmitry Voronkov.
2:30 of 1st period - Shot Misses the Net.
3:52 of 1st period - Carson Meyer is hit by Brayden Pachal and loses puck.
4:10 of 1st period - Penalty to Jeremy Davies is over, Jeremy Davies is back on ice.
4:19 of 1st period - Jansen Harkins is hit by Christian Wolanin and loses puck.
6:01 of 1st period - Taylor Ward is hit by Martin Pospisil.
6:26 of 1st period - Akil Thomas is hit by Ville Petman and loses puck.
8:16 of 1st period - Icing by Taylor Ward.
8:17 of 1st period - Mikhail Maltsev wins face-off versus Viktor Lodin in Worcester Sharks zone.
8:28 of 1st period - Slapshot by Carsen Twarynski.
8:28 of 1st period - Shot Blocked by Kyle Clifford.
8:49 of 1st period - Will Cuylle is hit by Taylor Ward and loses puck.
9:03 of 1st period - Slapshot by Andreas Englund.
9:03 of 1st period - Stopped by Arvid Soderblom with a rebound.
9:15 of 1st period - Wrist shot by Carson Meyer.
9:15 of 1st period - Stopped by Arvid Soderblom with a rebound.
9:40 of 1st period - Snap shot by Akil Thomas.
9:40 of 1st period - Shot Misses the Net.
9:42 of 1st period - Slapshot by Simon Johansson.
9:42 of 1st period - Deflect By Jansen Harkins.
9:42 of 1st period - Shot Misses the Net.
9:42 of 1st period - Puck is out of play.
9:43 of 1st period - Garrett Pilon wins face-off versus Dmitry Voronkov in Worcester Sharks zone.
9:57 of 1st period - Jasper Weatherby is hit by Montana Onyebuchi and loses puck.
11:02 of 1st period - Snap shot by Alexey Toropchenko.
11:02 of 1st period - Shot Misses the Net.
11:16 of 1st period - Snap shot by Justin Brazeau.
11:16 of 1st period - Stopped by Eric Comrie with a rebound.
11:18 of 1st period - Snap shot by Kyle Clifford.
11:18 of 1st period - Shot Blocked by Lukas Cormier.
11:20 of 1st period - Snap shot by Mikhail Maltsev.
11:20 of 1st period - Shot Blocked by Lukas Cormier.
11:22 of 1st period - Wrist shot by Justin Brazeau.
11:22 of 1st period - Deflect By Mikhail Maltsev.
11:22 of 1st period - Stopped by Eric Comrie with a rebound.
11:24 of 1st period - Snap shot by Mikhail Maltsev.
11:24 of 1st period - Shot Misses the Net.
11:26 of 1st period - Wrist shot by Mikhail Maltsev.
11:26 of 1st period - Stopped by Eric Comrie with a rebound.
11:28 of 1st period - Wrist shot by Justin Brazeau.
11:28 of 1st period - Goal by Justin Brazeau - Quebec Rempart : 1 - Worcester Sharks : 0.
11:29 of 1st period - Mikhail Maltsev wins face-off versus Lauri Pajuniemi in neutral zone.
11:31 of 1st period - Off-side.
11:32 of 1st period - Mikhail Maltsev wins face-off versus Brendan Gaunce in neutral zone.
11:41 of 1st period - Wrist shot by Mikhail Maltsev.
11:41 of 1st period - Shot Misses the Net.
11:43 of 1st period - Slapshot by Peetro Seppala.
11:43 of 1st period - Shot Misses the Net.
11:45 of 1st period - Slapshot by Mikhail Maltsev.
11:45 of 1st period - Shot Blocked by Lauri Pajuniemi.
11:47 of 1st period - Snap shot by Justin Brazeau.
11:47 of 1st period - Shot Misses the Net.
12:30 of 1st period - Slapshot by Jean-Luc Foudy.
12:30 of 1st period - Stopped by Arvid Soderblom with a rebound.
12:40 of 1st period - Viktor Lodin is hit by Brayden Pachal and loses puck.
12:57 of 1st period - Slapshot by Ville Petman.
12:57 of 1st period - Shot Blocked by Markus Nurmi.
12:59 of 1st period - Snap shot by Brendan Gaunce.
12:59 of 1st period - Shot Misses the Net.
13:01 of 1st period - Slapshot by Brendan Gaunce.
13:01 of 1st period - Stopped by Arvid Soderblom with a rebound.
13:03 of 1st period - Wrist shot by Brendan Gaunce.
13:03 of 1st period - Stopped by Arvid Soderblom with a rebound.
13:58 of 1st period - Backhand shot by Lauri Pajuniemi.
13:58 of 1st period - Stopped by Arvid Soderblom with a rebound.
14:00 of 1st period - Slapshot by Andreas Englund.
14:00 of 1st period - Stopped by Arvid Soderblom with a rebound.
14:02 of 1st period - Snap shot by Lukas Cormier.
14:02 of 1st period - Shot Misses the Net.
14:04 of 1st period - Slapshot by Ville Petman.
14:04 of 1st period - Shot Misses the Net.
14:24 of 1st period - Snap shot by Viktor Lodin.
14:24 of 1st period - Deflect By Carsen Twarynski.
14:24 of 1st period - Stopped by Arvid Soderblom with a rebound.
14:44 of 1st period - Jansen Harkins is hit by Jasper Weatherby and loses puck.
15:03 of 1st period - Snap shot by Xavier Parent.
15:03 of 1st period - Shot Misses the Net.
15:05 of 1st period - Slapshot by Brayden Pachal.
15:05 of 1st period - Deflect By Ridly Greig.
15:05 of 1st period - Stopped by Eric Comrie without a rebound.
15:06 of 1st period - Brendan Gaunce wins face-off versus Dmitry Voronkov in Worcester Sharks zone.
16:38 of 1st period - Jasper Weatherby is hit by Alexey Toropchenko and loses puck.
17:05 of 1st period - Justin Brazeau is hit by Vincent Sevigny and loses puck.
17:17 of 1st period - Wrist shot by Justin Brazeau.
17:17 of 1st period - Stopped by Eric Comrie with a rebound.
17:19 of 1st period - Snap shot by Kyle Clifford.
17:19 of 1st period - Shot Blocked by Vincent Sevigny.
17:21 of 1st period - Slapshot by Andrew Perrott.
17:21 of 1st period - Shot Misses the Net.
17:23 of 1st period - Snap shot by Kyle Clifford.
17:23 of 1st period - Shot Misses the Net.
18:12 of 1st period - Ridly Greig is hit by Kyle Clifford and loses puck.
18:23 of 1st period - Backhand shot by Kyle Clifford.
18:23 of 1st period - Shot Blocked by Vincent Sevigny.
18:25 of 1st period - Slapshot by Montana Onyebuchi.
18:25 of 1st period - Shot Misses the Net.
18:37 of 1st period - Slapshot by Ridly Greig.
18:37 of 1st period - Stopped by Arvid Soderblom with a rebound.
18:52 of 1st period - Snap shot by Justin Brazeau.
18:52 of 1st period - Shot Misses the Net.
18:54 of 1st period - Wrist shot by Kyle Clifford.
18:54 of 1st period - Shot Misses the Net.
18:56 of 1st period - Wrist shot by Kyle Clifford.
18:56 of 1st period - Stopped by Eric Comrie with a rebound.
18:58 of 1st period - Slapshot by Montana Onyebuchi.
18:58 of 1st period - Stopped by Eric Comrie with a rebound.
19:00 of 1st period - Slapshot by Kyle Clifford.
19:00 of 1st period - Goal by Kyle Clifford - Quebec Rempart : 2 - Worcester Sharks : 0.
19:01 of 1st period - Brendan Gaunce wins face-off versus Will Cuylle in neutral zone.
19:04 of 1st period - Alexey Toropchenko is hit by Andreas Englund.
19:13 of 1st period - Icing by Brayden Pachal.
19:14 of 1st period - Brendan Gaunce wins face-off versus Alexey Toropchenko in Quebec Rempart zone.
19:21 of 1st period - Wrist shot by Alexey Toropchenko.
19:21 of 1st period - Stopped by Eric Comrie without a rebound.
19:22 of 1st period - Brendan Gaunce wins face-off versus Dmitry Voronkov in Worcester Sharks zone.
19:31 of 1st period - Snap shot by Brendan Gaunce.
19:31 of 1st period - Stopped by Arvid Soderblom without a rebound.
19:32 of 1st period - Garrett Pilon wins face-off versus Dmitry Voronkov in Quebec Rempart zone.
19:35 of 1st period - Snap shot by Garrett Pilon.
19:35 of 1st period - Goal by Garrett Pilon - Quebec Rempart : 2 - Worcester Sharks : 1.
19:36 of 1st period - Garrett Pilon wins face-off versus Dmitry Voronkov in neutral zone.
19:45 of 1st period - Wrist shot by Garrett Pilon.
19:45 of 1st period - Stopped by Arvid Soderblom with a rebound.
Goals for this period are 2 for Quebec Rempart vs 1 for Worcester Sharks.
Shots for this period are 11 for Quebec Rempart vs 12 for Worcester Sharks.

2nd period


0:01 of 2nd period - Brendan Gaunce wins face-off versus Dmitry Voronkov in neutral zone.
1:52 of 2nd period - Snap shot by Mikhail Maltsev.
1:52 of 2nd period - Shot Misses the Net.
2:12 of 2nd period - Matej Blumel is hit by Peetro Seppala and loses puck.
2:19 of 2nd period - Snap shot by Akil Thomas.
2:19 of 2nd period - Stopped by Eric Comrie with a rebound.
2:21 of 2nd period - Backhand shot by Helge Grans.
2:21 of 2nd period - Shot Hit the Post.
2:23 of 2nd period - Slapshot by Markus Nurmi.
2:23 of 2nd period - Shot Blocked by Jeremy Davies.
2:43 of 2nd period - Slapshot by Dmitry Voronkov.
2:43 of 2nd period - Shot Blocked by Jeremy Davies.
3:29 of 2nd period - Slapshot by Kyle Clifford.
3:29 of 2nd period - Deflect By Mikhail Maltsev.
3:29 of 2nd period - Stopped by Eric Comrie with a rebound.
4:04 of 2nd period - Wrist shot by Akil Thomas.
4:04 of 2nd period - Shot Misses the Net.
4:06 of 2nd period - Snap shot by Jansen Harkins.
4:06 of 2nd period - Shot Misses the Net.
4:08 of 2nd period - Slapshot by Jansen Harkins.
4:08 of 2nd period - Shot Misses the Net.
4:10 of 2nd period - Wrist shot by Akil Thomas.
4:10 of 2nd period - Shot Hit the Post.
4:12 of 2nd period - Snap shot by Akil Thomas.
4:12 of 2nd period - Goal by Akil Thomas - Quebec Rempart : 3 - Worcester Sharks : 1.
4:13 of 2nd period - Dmitry Voronkov wins face-off versus Garrett Pilon in neutral zone.
6:06 of 2nd period - Lauri Pajuniemi is hit by Mikhail Maltsev and loses puck.
6:19 of 2nd period - Snap shot by Ville Petman.
6:19 of 2nd period - Shot Misses the Net.
6:46 of 2nd period - Ville Petman is hit by Markus Nurmi and loses puck.
7:06 of 2nd period - Alexey Toropchenko is hit by Carson Meyer and loses puck.
7:21 of 2nd period - Mikhail Maltsev is hit by Jean-Luc Foudy and loses puck.
7:54 of 2nd period - Taylor Ward is hit by Brayden Pachal and loses puck.
8:26 of 2nd period - Icing by Carsen Twarynski.
8:27 of 2nd period - Garrett Pilon wins face-off versus Jansen Harkins in Worcester Sharks zone.
9:01 of 2nd period - Slapshot by Jean-Luc Foudy.
9:01 of 2nd period - Shot Misses the Net.
9:38 of 2nd period - Xavier Parent is hit by Viktor Lodin and loses puck.
10:20 of 2nd period - Wrist shot by Garrett Pilon.
10:20 of 2nd period - Stopped by Arvid Soderblom with a rebound.
10:42 of 2nd period - Jasper Weatherby is hit by Martin Pospisil and loses puck.
11:14 of 2nd period - Snap shot by Viktor Lodin.
11:14 of 2nd period - Stopped by Arvid Soderblom with a rebound.
11:20 of 2nd period - Backhand shot by Carsen Twarynski.
11:20 of 2nd period - Stopped by Arvid Soderblom with a rebound.
12:00 of 2nd period - Markus Nurmi is hit by Lauri Pajuniemi and loses puck.
12:17 of 2nd period - Brad Lambert is hit by Taylor Ward and loses puck.
12:40 of 2nd period - Wrist shot by Dmitry Voronkov.
12:40 of 2nd period - Shot Blocked by Christian Wolanin.
12:42 of 2nd period - Snap shot by Will Cuylle.
12:42 of 2nd period - Deflect By Dmitry Voronkov.
12:42 of 2nd period - Shot Misses the Net.
12:42 of 2nd period - Puck is out of play.
12:43 of 2nd period - Jean-Luc Foudy wins face-off versus Dmitry Voronkov in Worcester Sharks zone.
13:04 of 2nd period - Snap shot by Dmitry Voronkov.
13:04 of 2nd period - Stopped by Eric Comrie without a rebound.
13:05 of 2nd period - Mikhail Maltsev wins face-off versus Garrett Pilon in Worcester Sharks zone.
13:23 of 2nd period - Icing by Garrett Pilon.
13:24 of 2nd period - Garrett Pilon wins face-off versus Dmitry Voronkov in Worcester Sharks zone.
13:33 of 2nd period - Snap shot by Christian Wolanin.
13:33 of 2nd period - Deflect By Jasper Weatherby.
13:33 of 2nd period - Stopped by Arvid Soderblom with a rebound.
13:35 of 2nd period - Wrist shot by Carson Meyer.
13:35 of 2nd period - Shot Misses the Net.
13:37 of 2nd period - Wrist shot by Noel Hoefenmayer.
13:37 of 2nd period - Deflect By Brayden Pachal.
13:37 of 2nd period - Stopped by Arvid Soderblom with a rebound.
13:39 of 2nd period - Slapshot by Garrett Pilon.
13:39 of 2nd period - Stopped by Arvid Soderblom with a rebound.
13:41 of 2nd period - Snap shot by Jasper Weatherby.
13:41 of 2nd period - Shot Hit the Post.
13:43 of 2nd period - Snap shot by Jasper Weatherby.
13:43 of 2nd period - Stopped by Arvid Soderblom with a rebound.
13:45 of 2nd period - Wrist shot by Carson Meyer.
13:45 of 2nd period - Shot Misses the Net.
13:47 of 2nd period - Slapshot by Christian Wolanin.
13:47 of 2nd period - Deflect By Garrett Pilon.
13:47 of 2nd period - Shot Blocked by Will Cuylle.
13:47 of 2nd period - Puck is out of play.
13:48 of 2nd period - Lauri Pajuniemi wins face-off versus Mikhail Maltsev in Quebec Rempart zone.
14:36 of 2nd period - Slapshot by Will Cuylle.
14:36 of 2nd period - Shot Misses the Net.
14:38 of 2nd period - Slapshot by Helge Grans.
14:38 of 2nd period - Stopped by Eric Comrie with a rebound.
14:40 of 2nd period - Wrist shot by Alexey Toropchenko.
14:40 of 2nd period - Stopped by Eric Comrie with a rebound.
14:42 of 2nd period - Snap shot by Dmitry Voronkov.
14:42 of 2nd period - Stopped by Eric Comrie with a rebound.
14:58 of 2nd period - Slapshot by Lauri Pajuniemi.
14:58 of 2nd period - Shot Misses the Net.
15:00 of 2nd period - Slapshot by Noel Hoefenmayer.
15:00 of 2nd period - Stopped by Arvid Soderblom with a rebound.
15:47 of 2nd period - Slapshot by Lauri Pajuniemi.
15:47 of 2nd period - Shot Misses the Net.
15:59 of 2nd period - Snap shot by Akil Thomas.
15:59 of 2nd period - Shot Misses the Net.
16:01 of 2nd period - Snap shot by Markus Nurmi.
16:01 of 2nd period - Shot Blocked by Carson Meyer.
16:03 of 2nd period - Wrist shot by Jansen Harkins.
16:03 of 2nd period - Goal by Jansen Harkins - Quebec Rempart : 4 - Worcester Sharks : 1.
16:03 of 2nd period - Dylan Wells enters game.
16:04 of 2nd period - Brendan Gaunce wins face-off versus Dmitry Voronkov in neutral zone.
16:12 of 2nd period - Dmitry Voronkov is hit by Ville Petman and loses puck.
16:17 of 2nd period - Wrist shot by Brendan Gaunce.
16:17 of 2nd period - Stopped by Arvid Soderblom with a rebound.
16:19 of 2nd period - Slapshot by Noel Hoefenmayer.
16:19 of 2nd period - Deflect By Will Cuylle.
16:19 of 2nd period - Stopped by Arvid Soderblom without a rebound.
16:20 of 2nd period - Mikhail Maltsev wins face-off versus Garrett Pilon in Quebec Rempart zone.
16:20 of 2nd period - Mikhail Maltsev is hit by Carson Meyer.
16:23 of 2nd period - Kyle Clifford beats up Noel Hoefenmayer.
16:23 of 2nd period - Penalty to Noel Hoefenmayer for Fighting.
16:23 of 2nd period - Penalty to Kyle Clifford for Fighting.
16:24 of 2nd period - Brendan Gaunce wins face-off versus Dmitry Voronkov in neutral zone.
16:33 of 2nd period - Snap shot by Dmitry Voronkov.
16:33 of 2nd period - Stopped by Dylan Wells with a rebound.
17:12 of 2nd period - Wrist shot by Martin Pospisil.
17:12 of 2nd period - Stopped by Dylan Wells with a rebound.
17:14 of 2nd period - Slapshot by Xavier Parent.
17:14 of 2nd period - Stopped by Dylan Wells with a rebound.
17:16 of 2nd period - Snap shot by Andrew Perrott.
17:16 of 2nd period - Shot Misses the Net.
17:18 of 2nd period - Slapshot by Montana Onyebuchi.
17:18 of 2nd period - Deflect By Ridly Greig.
17:18 of 2nd period - Stopped by Dylan Wells with a rebound.
17:20 of 2nd period - Snap shot by Xavier Parent.
17:20 of 2nd period - Stopped by Dylan Wells with a rebound.
17:40 of 2nd period - Markus Nurmi is hit by Taylor Ward and loses puck.
17:51 of 2nd period - Peetro Seppala is hit by Lukas Cormier and loses puck.
18:38 of 2nd period - Snap shot by Markus Nurmi.
18:38 of 2nd period - Shot Misses the Net.
18:40 of 2nd period - Snap shot by Akil Thomas.
18:40 of 2nd period - Stopped by Dylan Wells with a rebound.
18:42 of 2nd period - Snap shot by Akil Thomas.
18:42 of 2nd period - Shot Misses the Net.
18:44 of 2nd period - Slapshot by Akil Thomas.
18:44 of 2nd period - Shot Misses the Net.
18:46 of 2nd period - Snap shot by Akil Thomas.
18:46 of 2nd period - Stopped by Dylan Wells without a rebound.
18:47 of 2nd period - Will Cuylle wins face-off versus Brendan Gaunce in Worcester Sharks zone.
19:18 of 2nd period - Slapshot by Justin Brazeau.
19:18 of 2nd period - Stopped by Dylan Wells with a rebound.
19:20 of 2nd period - Slapshot by Simon Johansson.
19:20 of 2nd period - Stopped by Dylan Wells without a rebound.
19:21 of 2nd period - Mikhail Maltsev wins face-off versus Garrett Pilon in Worcester Sharks zone.
19:22 of 2nd period - Slapshot by Justin Brazeau.
19:22 of 2nd period - Stopped by Dylan Wells with a rebound.
19:30 of 2nd period - Montana Onyebuchi is hit by Carson Meyer and loses puck.
19:35 of 2nd period - Snap shot by Carson Meyer.
19:35 of 2nd period - Shot Misses the Net.
19:37 of 2nd period - Slapshot by Jeremy Davies.
19:37 of 2nd period - Stopped by Arvid Soderblom with a rebound.
19:56 of 2nd period - Snap shot by Alexey Toropchenko.
19:56 of 2nd period - Shot Blocked by Vincent Sevigny.
19:58 of 2nd period - Slapshot by Helge Grans.
19:58 of 2nd period - Deflect By Brendan Gaunce.
19:58 of 2nd period - Stopped by Dylan Wells without a rebound.
19:59 of 2nd period - Matej Blumel wins face-off versus Justin Brazeau in Worcester Sharks zone.
Goals for this period are 2 for Quebec Rempart vs 0 for Worcester Sharks.
Shots for this period are 19 for Quebec Rempart vs 11 for Worcester Sharks.

3rd period


0:01 of 3rd period - Jean-Luc Foudy wins face-off versus Will Cuylle in neutral zone.
0:34 of 3rd period - Snap shot by Mikhail Maltsev.
0:34 of 3rd period - Shot Blocked by Lukas Cormier.
0:36 of 3rd period - Snap shot by Brayden Pachal.
0:36 of 3rd period - Shot Misses the Net.
0:38 of 3rd period - Slapshot by Peetro Seppala.
0:38 of 3rd period - Stopped by Dylan Wells without a rebound.
0:39 of 3rd period - Garrett Pilon wins face-off versus Martin Pospisil in Worcester Sharks zone.
0:39 of 3rd period - Garrett Pilon is hit by Helge Grans.
1:05 of 3rd period - Ville Petman is hit by Helge Grans and loses puck.
1:33 of 3rd period - Off-side.
1:34 of 3rd period - Dmitry Voronkov wins face-off versus Garrett Pilon in neutral zone.
1:37 of 3rd period - Jasper Weatherby is hit by Peetro Seppala and loses puck.
1:42 of 3rd period - Slapshot by Dmitry Voronkov.
1:42 of 3rd period - Shot Misses the Net.
1:44 of 3rd period - Backhand shot by Brayden Pachal.
1:44 of 3rd period - Shot Hit the Post.
1:46 of 3rd period - Snap shot by Dmitry Voronkov.
1:46 of 3rd period - Stopped by Dylan Wells with a rebound.
1:48 of 3rd period - Slapshot by Peetro Seppala.
1:48 of 3rd period - Shot Misses the Net.
1:50 of 3rd period - Wrist shot by Brayden Pachal.
1:50 of 3rd period - Stopped by Dylan Wells without a rebound.
1:51 of 3rd period - Mikhail Maltsev wins face-off versus Ridly Greig in Worcester Sharks zone.
1:57 of 3rd period - Off-side.
1:58 of 3rd period - Jean-Luc Foudy wins face-off versus Mikhail Maltsev in neutral zone.
2:13 of 3rd period - Mikhail Maltsev is hit by Jean-Luc Foudy and loses puck.
2:28 of 3rd period - Snap shot by Jasper Weatherby.
2:28 of 3rd period - Stopped by Arvid Soderblom with a rebound.
2:34 of 3rd period - Snap shot by Carson Meyer.
2:34 of 3rd period - Shot Misses the Net.
2:44 of 3rd period - Snap shot by Mikhail Maltsev.
2:44 of 3rd period - Stopped by Dylan Wells with a rebound.
2:46 of 3rd period - Slapshot by Kyle Clifford.
2:46 of 3rd period - Shot Blocked by Andreas Englund.
2:48 of 3rd period - Snap shot by Justin Brazeau.
2:48 of 3rd period - Stopped by Dylan Wells with a rebound.
2:50 of 3rd period - Wrist shot by Peetro Seppala.
2:50 of 3rd period - Shot Misses the Net.
2:52 of 3rd period - Slapshot by Brayden Pachal.
2:52 of 3rd period - Goal by Brayden Pachal - Quebec Rempart : 5 - Worcester Sharks : 1.
2:53 of 3rd period - Dmitry Voronkov wins face-off versus Garrett Pilon in neutral zone.
3:18 of 3rd period - Snap shot by Martin Pospisil.
3:18 of 3rd period - Goal by Martin Pospisil - Quebec Rempart : 6 - Worcester Sharks : 1.
3:19 of 3rd period - Dmitry Voronkov wins face-off versus Brendan Gaunce in neutral zone.
3:23 of 3rd period - Peetro Seppala beats up Lukas Cormier.
3:23 of 3rd period - Penalty to Lukas Cormier for Fighting.
3:23 of 3rd period - Penalty to Peetro Seppala for Fighting.
3:24 of 3rd period - Jean-Luc Foudy wins face-off versus Dmitry Voronkov in Worcester Sharks zone.
3:49 of 3rd period - Noel Hoefenmayer is hit by Kyle Clifford and loses puck.
4:15 of 3rd period - Jasper Weatherby is hit by Jansen Harkins and loses puck.
4:47 of 3rd period - Matej Blumel is hit by Alexey Toropchenko and loses puck.
5:08 of 3rd period - Jeremy Davies is hit by Simon Johansson and loses puck.
5:16 of 3rd period - Jean-Luc Foudy beats up Justin Brazeau.
5:16 of 3rd period - Penalty to Jean-Luc Foudy for Fighting.
5:16 of 3rd period - Penalty to Justin Brazeau for Fighting.
5:17 of 3rd period - Brendan Gaunce wins face-off versus Dmitry Voronkov in Worcester Sharks zone.
5:30 of 3rd period - Slapshot by Will Cuylle.
5:30 of 3rd period - Stopped by Dylan Wells with a rebound.
5:32 of 3rd period - Wrist shot by Will Cuylle.
5:32 of 3rd period - Goal by Will Cuylle - Quebec Rempart : 7 - Worcester Sharks : 1.
5:33 of 3rd period - Brendan Gaunce wins face-off versus Dmitry Voronkov in neutral zone.
5:33 of 3rd period - Brendan Gaunce beats up Will Cuylle.
5:33 of 3rd period - Penalty to Brendan Gaunce for Fighting.
5:33 of 3rd period - Penalty to Will Cuylle for Fighting.
5:34 of 3rd period - Dmitry Voronkov wins face-off versus Jasper Weatherby in neutral zone.
6:09 of 3rd period - Snap shot by Mikhail Maltsev.
6:09 of 3rd period - Shot Blocked by Matej Blumel.
6:53 of 3rd period - Brayden Pachal is hit by Ridly Greig and loses puck.
7:09 of 3rd period - Montana Onyebuchi is hit by Andreas Englund and loses puck.
8:12 of 3rd period - Simon Johansson is hit by Jeremy Davies and loses puck.
8:36 of 3rd period - Minor Penalty to Viktor Lodin for Roughing.
8:37 of 3rd period - Dmitry Voronkov wins face-off versus Jasper Weatherby in Worcester Sharks zone.
10:16 of 3rd period - Penalty to Jean-Luc Foudy is over, Jean-Luc Foudy is back on ice.
10:33 of 3rd period - Penalty to Brendan Gaunce is over, Brendan Gaunce is back on ice.
10:41 of 3rd period - Brendan Gaunce is hit by Andrew Perrott and loses puck.
10:46 of 3rd period - Wrist shot by Xavier Parent.
10:46 of 3rd period - Shot Misses the Net.
11:25 of 3rd period - Icing by Matej Blumel.
11:26 of 3rd period - Jean-Luc Foudy wins face-off versus Dmitry Voronkov in Worcester Sharks zone.
11:26 of 3rd period - Jean-Luc Foudy is hit by Peetro Seppala.
11:33 of 3rd period - Icing by Carson Meyer.
11:34 of 3rd period - Jasper Weatherby wins face-off versus Justin Brazeau in Worcester Sharks zone.
11:41 of 3rd period - Wrist shot by Carson Meyer.
11:41 of 3rd period - Shot Misses the Net.
11:46 of 3rd period - Icing by Justin Brazeau.
11:47 of 3rd period - Kyle Clifford wins face-off versus Garrett Pilon in Quebec Rempart zone.
12:02 of 3rd period - Slapshot by Garrett Pilon.
12:02 of 3rd period - Deflect By Carson Meyer.
12:02 of 3rd period - Goal by Carson Meyer - Quebec Rempart : 7 - Worcester Sharks : 2.
12:03 of 3rd period - Dmitry Voronkov wins face-off versus Ville Petman in neutral zone.
12:17 of 3rd period - Ville Petman and Will Cuylle fight to a draw.
12:17 of 3rd period - Penalty to Ville Petman for Fighting.
12:17 of 3rd period - Penalty to Will Cuylle for Fighting.
12:18 of 3rd period - Dmitry Voronkov wins face-off versus Garrett Pilon in Quebec Rempart zone.
12:43 of 3rd period - Lauri Pajuniemi and Kyle Clifford fight to a draw.
12:43 of 3rd period - Penalty to Lauri Pajuniemi for Fighting.
12:43 of 3rd period - Penalty to Kyle Clifford for Fighting.
12:44 of 3rd period - Brendan Gaunce wins face-off versus Dmitry Voronkov in Quebec Rempart zone.
12:48 of 3rd period - Brendan Gaunce beats up Peetro Seppala.
12:48 of 3rd period - Penalty to Brendan Gaunce for Fighting.
12:48 of 3rd period - Penalty to Peetro Seppala for Fighting.
12:48 of 3rd period - Penalty to Brendan Gaunce for instigated a fight.
12:48 of 3rd period - Penalty to Brendan Gaunce for instigated a fight.
12:49 of 3rd period - Jasper Weatherby wins face-off versus Dmitry Voronkov in Quebec Rempart zone.
14:48 of 3rd period - Penalty to Brendan Gaunce is over, Carson Meyer is send on ice.
15:02 of 3rd period - Wrist shot by Viktor Lodin.
15:02 of 3rd period - Stopped by Arvid Soderblom without a rebound.
15:03 of 3rd period - Carsen Twarynski wins face-off versus Martin Pospisil in Quebec Rempart zone.
15:08 of 3rd period - Wrist shot by Viktor Lodin.
15:08 of 3rd period - Shot Misses the Net.
15:10 of 3rd period - Snap shot by Carson Meyer.
15:10 of 3rd period - Stopped by Arvid Soderblom without a rebound.
15:11 of 3rd period - Jasper Weatherby wins face-off versus Martin Pospisil in Quebec Rempart zone.
15:14 of 3rd period - Wrist shot by Jasper Weatherby.
15:14 of 3rd period - Stopped by Arvid Soderblom without a rebound.
15:15 of 3rd period - Dmitry Voronkov wins face-off versus Jasper Weatherby in Quebec Rempart zone.
15:22 of 3rd period - Snap shot by Matej Blumel.
15:22 of 3rd period - Goal by Matej Blumel - Quebec Rempart : 7 - Worcester Sharks : 3.
15:23 of 3rd period - Garrett Pilon wins face-off versus Dmitry Voronkov in neutral zone.
15:26 of 3rd period - Slapshot by Noel Hoefenmayer.
15:26 of 3rd period - Deflect By Carson Meyer.
15:26 of 3rd period - Shot Misses the Net.
15:26 of 3rd period - Puck is out of play.
15:27 of 3rd period - Dmitry Voronkov wins face-off versus Garrett Pilon in Quebec Rempart zone.
15:27 of 3rd period - Dmitry Voronkov is hit by Jasper Weatherby.
15:32 of 3rd period - Icing by Jansen Harkins.
15:33 of 3rd period - Dmitry Voronkov wins face-off versus Garrett Pilon in Quebec Rempart zone.
15:33 of 3rd period - Dmitry Voronkov is hit by Christian Wolanin.
15:39 of 3rd period - Wrist shot by Carson Meyer.
15:39 of 3rd period - Stopped by Arvid Soderblom with a rebound.
15:41 of 3rd period - Slapshot by Noel Hoefenmayer.
15:41 of 3rd period - Shot Blocked by Brayden Pachal.
15:45 of 3rd period - Snap shot by Garrett Pilon.
15:45 of 3rd period - Stopped by Arvid Soderblom with a rebound.
15:47 of 3rd period - Wrist shot by Carson Meyer.
15:47 of 3rd period - Stopped by Arvid Soderblom with a rebound.
15:49 of 3rd period - Snap shot by Garrett Pilon.
15:49 of 3rd period - Shot Blocked by Jansen Harkins.
15:51 of 3rd period - Snap shot by Carson Meyer.
15:51 of 3rd period - Shot Blocked by Andrew Perrott.
15:53 of 3rd period - Wrist shot by Garrett Pilon.
15:53 of 3rd period - Deflect By Carson Meyer.
15:53 of 3rd period - Goal by Carson Meyer - Quebec Rempart : 7 - Worcester Sharks : 4.
15:54 of 3rd period - Jasper Weatherby wins face-off versus Dmitry Voronkov in neutral zone.
16:01 of 3rd period - Slapshot by Christian Wolanin.
16:01 of 3rd period - Stopped by Arvid Soderblom without a rebound.
16:02 of 3rd period - Jasper Weatherby wins face-off versus Dmitry Voronkov in Quebec Rempart zone.
16:05 of 3rd period - Wrist shot by Matej Blumel.
16:05 of 3rd period - Shot Misses the Net.
16:13 of 3rd period - Noel Hoefenmayer is hit by Jansen Harkins and loses puck.
16:22 of 3rd period - Backhand shot by Alexey Toropchenko.
16:22 of 3rd period - Shot Misses the Net.
16:24 of 3rd period - Snap shot by Dmitry Voronkov.
16:24 of 3rd period - Shot Misses the Net.
16:26 of 3rd period - Wrist shot by Jansen Harkins.
16:26 of 3rd period - Shot Misses the Net.
16:28 of 3rd period - Backhand shot by Brayden Pachal.
16:28 of 3rd period - Deflect By Jasper Weatherby.
16:28 of 3rd period - Stopped by Dylan Wells with a rebound.
16:30 of 3rd period - Slapshot by Jansen Harkins.
16:30 of 3rd period - Stopped by Dylan Wells without a rebound.
16:31 of 3rd period - Jasper Weatherby wins face-off versus Jansen Harkins in Worcester Sharks zone.
16:56 of 3rd period - Lukas Cormier is hit by Simon Johansson and loses puck.
17:17 of 3rd period - Slapshot by Brayden Pachal.
17:17 of 3rd period - Shot Misses the Net.
17:22 of 3rd period - Minor Penalty to Brayden Pachal for Cross-checking.
17:23 of 3rd period - Jean-Luc Foudy wins face-off versus Dmitry Voronkov in Quebec Rempart zone.
17:25 of 3rd period - Wrist shot by Jean-Luc Foudy.
17:25 of 3rd period - Stopped by Arvid Soderblom without a rebound.
17:26 of 3rd period - Dmitry Voronkov wins face-off versus Jean-Luc Foudy in Quebec Rempart zone.
17:43 of 3rd period - Penalty to Kyle Clifford is over, Kyle Clifford is back on ice.
18:09 of 3rd period - Jasper Weatherby is hit by Mikhail Maltsev and loses puck.
19:22 of 3rd period - Penalty to Brayden Pachal is over, Brayden Pachal is back on ice.
19:54 of 3rd period - Wrist shot by Markus Nurmi.
19:54 of 3rd period - Stopped by Dylan Wells without a rebound.
19:55 of 3rd period - Garrett Pilon wins face-off versus Jansen Harkins in Worcester Sharks zone.
Goals for this period are 3 for Quebec Rempart vs 3 for Worcester Sharks.
Shots for this period are 12 for Quebec Rempart vs 12 for Worcester Sharks.




Output by the SimonT Hockey Simulator (STHS) for Eric Tremblay - Original Page W3C HTML5 Valid
Hockey Simulator - Hockey Simulation - Hockey Manager